 Dungeon Crawl Stone Soup version 0.28.0-45-g0d030f2227 (webtiles) character file.

Game seed: 17401400971418644704

3077 Bliebski the Skirmisher (level 9, -22/69 HPs)
             Began as a Demonspawn Gladiator on Apr 16, 2022.
             Was a Plaything of Xom.
             Annihilated by a red ugly thing (34 damage)
             ... on level 8 of the Dungeon.
             The game lasted 00:31:45 (8517 turns).

Bliebski the Skirmisher (Demonspawn Gladiator)      Turns: 8517, Time: 00:31:47

Health: -22/69     AC: 16    Str: 26    XL:     9   Next: 58%
Magic:  13/14      EV: 11    Int: 12    God:    Xom [....*.]
Gold:   354        SH:  0    Dex: 16    Spells: 13/15 levels left

rFire   x . .      SeeInvis +   r - +5 falchion of the Madman {vorpal, rF- Str+5 Int+2 SInv}
rCold   + . .      Faith    .   (no shield)
rNeg    . . .      Spirit   .   G - +0 plate armour
rPois   +          Reflect  .   (helmet restricted)
rElec   .          Harm     .   (no cloak)
rCorr   .          Rampage  .   (no gloves)
Will    .....      Clarity  +   (no boots)
Stlth   ..........              (no amulet)
HPRegen 0.21/turn               t - ring of protection from cold
MPRegen 0.14/turn               B - +4 ring of protection

@: about to teleport
A: antennae 1, demonic guardian 1, spiny 1, augmentation 1, sturdy frame 1,
agile 1, clarity, poison resistance, strong 1
a: Renounce Religion


You were on level 8 of the Dungeon.
You worshipped Xom.
You were a beloved toy of Xom.
You visited 2 branches of the dungeon, and saw 9 of its levels.

You collected 354 gold pieces.

Inventory:

Hand Weapons
 a - a +0 rapier
 i - a +1 short sword of flaming
 r - the +5 falchion of the Madman (weapon) {vorpal, rF- Str+5 Int+2 SInv}
   (You found it on level 3 of the Dungeon)

   It inflicts extra damage upon your enemies.
   Str:       It affects your strength (+5).
   Int:       It affects your intelligence (+2).
   rF:        It makes you vulnerable to fire.
   SInv:      It lets you see invisible.
 F - a +0 arbalest
Missiles
 d - a throwing net
 f - 104 stones
 C - 2 poisoned darts (quivered)
Armour
 b - a +0 leather armour
 o - a +0 scale mail
 s - a +0 helmet
 G - a +0 plate armour (worn)
Jewellery
 e - a ring of see invisible
 l - a ring of resist corrosion
 t - a ring of protection from cold (left hand)
 u - a ring of wizardry
 y - a ring of flight
 B - a +4 ring of protection (right hand)
 D - an amulet of guardian spirit
Wands
 m - a wand of polymorph (4)
 z - a wand of mindburst (23)
 E - a wand of flame (9)
Scrolls
 c - a scroll of vulnerability {unknown}
 g - 3 scrolls of enchant armour {unknown}
 h - a scroll of amnesia {unknown}
 j - a scroll of enchant weapon {unknown}
 k - a scroll of teleportation
 v - a scroll of fog {unknown}
 H - 2 scrolls of identify
Potions
 n - a potion of brilliance
 p - a potion of heal wounds
 q - a potion of haste
 w - 2 potions of curing
 x - a potion of cancellation
 A - a potion of mutation {unknown}


   Skills:
 + Level 6.2 Fighting
 + Level 6.1 Short Blades
 - Level 2.0 Throwing
 + Level 5.0 Armour
 + Level 6.1 Dodging
 + Level 3.9 Spellcasting
 + Level 4.1 Hexes


You had 13 spell levels left.
You knew the following spells:

 Your Spells              Type           Power      Damage    Failure   Level
a - Ensorcelled Hibernat  Hex/Ice        14%        N/A       73%         2

Your spell library contained the following spells:

 Spells                   Type           Power      Damage    Failure   Level
 Apportation              Tloc           4%         N/A       86%         1
 Foxfire                  Conj/Fire      8%         2x1d4     86%         1
 Inner Flame              Hex/Fire       7%         N/A       91%         3
 Passwall                 Tmut/Erth      1%         N/A       95%         2
 Cause Fear               Hex            6%         N/A       97%         4
 Conjure Flame            Conj/Fire      2%         6-21      99%         3
 Spider Form              Tmut/Pois      2%         N/A       99%         3
 Swiftness                Air            2%         N/A       99%         3
 Anguish                  Hex/Necr       3%         N/A       100%        4
 Flame Wave               Conj/Fire      2%         2d4       100%        4
 Alistair's Intoxication  Tmut/Pois      1%         N/A       100%        5
 Discord                  Hex            6%         N/A       100%        8


Dungeon Overview and Level Annotations

Branches:
Dungeon (8/15)             Temple (1/1) D:4
   Lair: D:8-11

Altars:
Ashenzari
Elyvilon
Fedhas
Okawaru
Qazlal
Ru
Trog
Uskayaw
Vehumet
Xom
Zin
The Shining One

Shops:
D:1 ?   D:2 :[   D:4 (

Annotations:
D:7 1 runed translucent door, Crazy Yiuf, Edmund, Harold, Sigmund


Innate Abilities, Weirdness & Mutations

You have a pair of small antennae on your head.
A weak demonic guardian rushes to your aid.
You are partially covered in sharp spines.
Your magical and physical power is slightly enhanced at high health.
Your movements are slightly less encumbered by armour. (ER -2)
You are agile. (Dex +2)
You possess an exceptional clarity of mind.
Your system is resistant to poisons. (rPois)
Your muscles are strong. (Str +2)


Message History

A steam dragon and a centaur come into view.
The steam dragon hisses angrily.
The centaur shouts!
The red ugly thing gurgles horribly!
A wight comes into view. It is wielding a +0 hand axe.
The red ugly thing kicks you but does no damage.
An orc comes into view. It is wielding a +0 dagger.
The howler monkey hoots and howls with incredible vigour!
A two-headed ogre comes into view.
It is wielding a +0 giant club and a +0 giant spiked club.
The two-headed ogre shouts in stereo!
You hear a loud, deep croak!
You hear an angry hiss.
You hear a shout!
A two-headed ogre comes into view.
It is wielding a +0 dire flail and a +0 giant club.
A howler monkey zombie comes into view.
The two-headed ogre moves out of view.
You are too injured to fight recklessly!
You slash the red ugly thing!
The red ugly thing is moderately wounded.
The red ugly thing is struck by your spines.
The red ugly thing misses you.
You hit the red ugly thing.
The red ugly thing is moderately wounded.
The red ugly thing is struck by your spines.
The red ugly thing kicks you but does no damage.
Your magical contamination has completely faded away.
You barely miss the red ugly thing.
The red ugly thing is heavily wounded.
The red ugly thing kicks you.
You are engulfed in flames!!
The fire burns you terribly!
Xom roars with laughter!
* * * LOW HITPOINT WARNING * * *
A demonic guardian appears!
As you read the scroll of teleportation, it crumbles to dust.
You feel strangely unstable.
The red ugly thing kicks you but does no damage.
You hit the red ugly thing.
The red ugly thing is heavily wounded.
The red ugly thing closely misses you. The red ugly thing kicks you.
* * * LOW HITPOINT WARNING * * *
You are engulfed in flames!!
The fire burns you terribly!
You die...
Xom is highly amused!

### ########### ..
......5@uo# #.
#########c##
####.#### #######{D#
#.......###..h†h...#
#.###........h##.c.#
∆####...####D#..# {
#####o Z##..# { OO
..## #. ..#


You could see a red ugly thing (ally target), a steam dragon, a centaur, an orc
and a friendly white imp (summoned).

Vanquished Creatures
  A kobold demonologist (D:6)
  A hornet (D:8)
  Duvessa (D:7)
  A water moccasin (D:6)
  2 black bears
  An ice beast (D:6)
  2 sky beasts
  An ogre (D:5)
  2 phantoms
  2 bullfrogs
  A wyvern zombie (D:7)
  A water moccasin zombie (D:6)
  2 scorpions
  A water moccasin skeleton (D:7)
  Dowan (D:7)
  4 wights (D:7)
  3 killer bees (D:8)
  2 centaur zombies
  3 bullfrog zombies
  4 hounds
  3 centaur skeletons (D:5)
  A gnoll shaman (D:7)
  An orc priest (D:7)
  A jelly (D:5)
  Natasha (D:2)
  3 iguanas
  2 orc wizards (D:7)
  A killer bee zombie (D:7)
  12 gnolls
  A howler monkey zombie (D:7)
  3 adders
  An ufetubus (D:6)
  An adder skeleton (D:4)
  A worm (D:2)
  5 dart slugs
  10 orcs
  7 endoplasms
  3 giant cockroaches
  7 goblins
  9 hobgoblins
  5 kobolds
  A quokka (D:4)
  11 ball pythons
  11 bats
  A frilled lizard (D:1)
  9 rats
147 creatures vanquished.

Vanquished Creatures (collateral kills)
  A centaur skeleton (D:4)
  Terence (D:2)
  A goblin (D:2)
  A hobgoblin (D:2)
4 creatures vanquished.

Vanquished Creatures (others)
  3 fungi (D:8)
  4 plants (D:8)
7 creatures vanquished.

Grand Total: 158 creatures vanquished

Notes
Turn   | Place    | Note
-------+----------+-------------------------------------------
     0 | D:1      | Bliebski the Demonspawn Gladiator began the quest for the
                  | Orb.
     0 | D:1      | Reached XP level 1. HP: 16/16 MP: 1/1
   132 | D:1      | Gained mutation: A weak demonic guardian rushes to your
                  | aid. [demonic ancestry]
   132 | D:1      | Reached XP level 2. HP: 16/22 MP: 2/2
   517 | D:1      | Found Wiodo's Magic Scroll Shoppe.
   639 | D:1      | Gained mutation: Your movements are slightly less
                  | encumbered by armour. (ER -2) [demonic ancestry]
   639 | D:1      | Reached XP level 3. HP: 24/28 MP: 3/3
  1320 | D:2      | Found Larytrav's Antique Armour Emporium.
  1603 | D:2      | Noticed Terence
  1616 | D:2      | Killed Terence
  1617 | D:2      | Reached skill level 1 in Armour
  1617 | D:2      | Reached XP level 4. HP: 12/34 MP: 4/4
  2004 | D:2      | Found Faastuje's Book Shoppe.
  2127 | D:2      | Noticed Natasha
  2137 | D:2      | Killed Natasha
  2813 | D:3      | Identified the +5 falchion of the Madman {vorpal, rF- Str+5
                  | Int+2 SInv}
  2842 | D:3      | Found a faded altar of an unknown god.
  2963 | D:3      | Noticed a sky beast
  2968 | D:3      | Killed a sky beast
  2969 | D:3      | Reached XP level 5. HP: 41/41 MP: 5/5
  3326 | D:3      | Identified the +1 robe of Lust {Rampage *Slow rPois rN+}
  3648 | D:4      | Gained mutation: You have a pair of small antennae on your
                  | head. [demonic ancestry]
  3648 | D:4      | Reached XP level 6. HP: 47/47 MP: 6/6
  3829 | D:4      | Found Kathrioh's Weapon Shoppe.
  4429 | D:4      | Found a staircase to the Ecumenical Temple.
  4441 | Temple   | Entered the Ecumenical Temple
  4505 | Temple   | Became a worshipper of Xom the Psychopath
  4531 | D:4      | XOM: silly message
  4761 | D:5      | Entered Level 5 of the Dungeon
  4761 | D:5      | XOM: blink monster(s)
  4767 | D:5      | Reached XP level 7. HP: 50/54 MP: 7/7
  4976 | D:5      | XOM: silly message
  5108 | D:5      | Learned a level 2 spell: Ensorcelled Hibernation
  5265 | D:5      | XOM: summons friendly shadow imp
  5268 | D:5      | Reached skill level 1 in Hexes
  5269 | D:5      | Reached skill level 1 in Spellcasting
  5357 | D:5      | XOM is BORED!
  5357 | D:5      | XOM: polymorph shadow imp -> white imp
  5726 | D:5      | XOM: god gift: scroll of teleportation
  5835 | D:6      | Gained mutation: You are partially covered in sharp spines.
                  | [demonic ancestry]
  5835 | D:6      | Reached XP level 8. HP: 54/61 MP: 10/10
  5989 | D:6      | Reached skill level 5 in Short Blades
  5989 | D:6      | Reached skill level 5 in Dodging
  6442 | D:6      | XOM: silly message
  6504 | D:6      | XOM: noise
  6625 | D:6      | Reached skill level 5 in Fighting
  6639 | D:6      | Noticed a kobold demonologist
  6657 | D:6      | Noticed an orange demon
  6664 | D:6      | Killed a kobold demonologist
  7001 | D:6      | XOM: summons friendly white imp
  7237 | D:7      | Gained mutation: Your magical and physical power is
                  | slightly enhanced at high health. [demonic ancestry]
  7237 | D:7      | Reached XP level 9. HP: 69/69 MP: 13/13
  7286 | D:7      | XOM: give mutations
  7286 | D:7      | Gained mutation: You are agile. (Dex +2) [Xom's grace]
  7286 | D:7      | Gained mutation: Your system is resistant to poisons.
                  | (rPois) [Xom's grace]
  7286 | D:7      | Gained mutation: You possess an exceptional clarity of
                  | mind. [Xom's grace]
  7286 | D:7      | Gained mutation: Your muscles are strong. (Str +2) [Xom's
                  | grace]
  7646 | D:7      | Found a runed translucent door.
  7647 | D:7      | Noticed Crazy Yiuf
  7840 | D:7      | XOM: 1-stop teleportation journey
  7865 | D:7      | Noticed Dowan
  7865 | D:7      | XOM: confuse monster(s)
  7865 | D:7      | Noticed Duvessa
  7878 | D:7      | Killed Duvessa
  7882 | D:7      | XOM: fog
  7885 | D:7      | Killed Dowan
  8036 | D:7      | XOM: scenery: summon butterflies
  8430 | D:7      | Noticed Harold
  8431 | D:7      | Noticed Sigmund
  8431 | D:7      | Noticed Edmund
  8434 | D:7      | XOM: cleaving
  8441 | D:8      | XOM: cleaving
  8453 | D:8      | XOM: divination: detect items
  8507 | D:8      | Noticed a red ugly thing
  8508 | D:8      | Reached skill level 5 in Armour
  8509 | D:8      | Noticed a two-headed ogre
  8510 | D:8      | Noticed a two-headed ogre
  8517 | D:8      | Annihilated by a red ugly thing

Illustrated notes

Levels and vault maps discovered:
D:1:      scummos_arrival_hexagon, layout_basic, serial_shops, shop,
          wad_floor_pattern_1, wander_ebering_terrifying_dragon_lair
D:2:      kb_forest_paths, layout_basic, serial_shops,
          nicolae_shop_behind_doors, shop_fountains, kennysheep_generic_room_6,
          uniq_natasha, uniq_terence
D:3:      layout_basic, chequers_ecumenical_altar_simple_redux
D:4:      kennysheep_big_flooded_room, layout_cave_pools,
          minmay_temple_entry_glassed_door, serial_shops,
          nicolae_shop_bloodbath_and_beyond, serial_column_ruins,
          column_ruins_grid_3, column_ruins_open_tiny, column_ruins_grid_4,
          column_ruins_columns_straight, column_ruins_grid_3,
          column_ruins_columns_straight
D:5:      layout_loops_ring
D:6:      layout_basic, kennysheep_big_empty_room, lightli_orcish_oven
D:7:      layout_loops_corners, minmay_misc_feat_secret_circle,
          hangedman_decor_opposing, grunt_ministairs_7, roderic_serpentine_path,
          sigmund_edmund_badplayer, uniq_crazy_yiuf_cottage, uniq_harold,
          uniq_duvessa
D:8:      layout_cave_pools, grunt_lair_entry_orc_guard_hut,
          minmay_pinched_square
Temple:   mainiacjoe_temple_circle_huts

Skill      XL: |  1  2  3  4  5  6  7  8  9 |
---------------+----------------------------+-----
Throwing       | 2 |  2.0
Dodging        | 3 4 5 6 |  6.1
Short Blades   | 3 4 5 6 |  6.1
Armour         | 1 2 3 4 5 |  5.0
Fighting       | 3 4 5 6 |  6.2
Hexes          | 1 3 4 |  4.1
Spellcasting   | 1 3 |  3.9

Action                   |  1- 3 |  4- 6 |  7- 9 || total
-------------------------+-------+-------+-------++-------
Melee: Rapier            |    46 |       |       ||    46
       Short sword       |    61 |    39 |       ||   100
       Punch             |     1 |     3 |     1 ||     5
       Falchion          |       |    88 |   199 ||   287
Throw: Throwing net      |     1 |     2 |       ||     3
       Stone             |       |     2 |     1 ||     3
       Dart              |       |       |     4 ||     4
  Use: Scroll            |       |     4 |     6 ||    10
       Potion            |       |       |     2 ||     2
 Stab: Distracted        |     1 |       |       ||     1
       Held in net/web   |       |     1 |       ||     1
Armor: Leather armour    |    27 |       |       ||    27
       Scale mail        |       |    61 |    58 ||   119
       Plate armour      |       |       |    34 ||    34
Dodge: Dodged            |    58 |    99 |   126 ||   283
